 Dungeon Crawl Stone Soup version 0.31.0-32-g396128a36d (webtiles) character file.

Game seed: 16929672507195050116

35 H0rd4k the Charlatan (level 3, 0/23 HPs)
             Began as an Octopode Artificer on Apr 16, 2024.
             Succumbed to an adder's poison
             ... on level 2 of the Dungeon.
             The game lasted 00:00:41 (780 turns).

H0rd4k the Charlatan (Octopode Artificer)            Turns: 780, Time: 00:00:41

Health: 0/23       AC:  1    Str: 11    XL:     3   Next: 33%
Magic:  3/3        EV: 13    Int: 15    God:
Gold:   60         SH:  0    Dex: 12    Spells: 2/2 levels left

rFire   . .          .
                       - Unarmed
rCold   . . .        (no shield)
rNeg    . . .        (helmet currently unavailable)
rPois   .            (no amulet)
rElec   .            (no ring)
rCorr   .            (no ring)
SInv    .            (no ring)
Will    .....        (no ring)
Stlth   +++          (no ring)
HPRegen 0.23/turn    (no ring)
MPRegen 0.08/turn    (no ring)
                     (no ring)

%: no passive effects
@: brilliant, lethally poisoned (0 -> -6), beast-form, hasted, very quick
A: beast (slay +1), almost no armour, amphibious, 8 rings, camouflage 1,
gelatinous body 1, (nimble swimmer 1), tentacles
a: Begin Untransformation


You were on level 2 of the Dungeon.
You were a hulking beast.
You visited 1 branch of the dungeon, and saw 2 of its levels.

You collected 60 gold pieces.

Inventory:

Missiles
 f - 2 poisoned darts
Jewellery
 e - a ring of magical power
 j - an amulet of the acrobat
Talismans
 a - a beast talisman (active)
Wands
 b - a wand of flame (15) (quivered)
 c - a wand of charming (15)
 d - a wand of iceblast (5)
Scrolls
 i - a scroll of teleportation {unknown}
 k - a scroll of fog {unknown}
 l - a scroll of enchant armour {unknown}
Potions
 m - a potion of mutation {unknown}
 n - a potion of curing {unknown}


   Skills:
 + Level 1.1 Fighting
 - Level 2.3 Dodging
 - Level 1.3 Stealth
 + Level 1.4 Unarmed Combat
 - Level 3.2 Evocations
 * Level 2.0 Shapeshifting


You had 2 spell levels left.
You didn't know any spells.
Your spell library contained the following spells:

 Spells                   Type           Power      Damage    Failure   Level
 Apportation              Tloc           0%         N/A       26%         1
 Necrotise                Necr           0%         1d4       26%         1
 Sting                    Conj/Alch      0%         1d3       26%         1
 Summon Small Mammal      Summ           0%         N/A       26%         1


Dungeon Overview and Level Annotations

Branches:
Dungeon (2/15)

Altars:


Innate Abilities, Weirdness & Mutations

You are a hulking beast.
Your limbs bulge with bestial killing power. (Slay +1)
You cannot wear most types of armour.
You are amphibious.
You can wear up to eight rings at the same time.
Your skin changes colour to match your surroundings (Stealth+).
Your rubbery body absorbs attacks. (AC +1, EV +1)
((You are camouflaged when in or above water. (Stealth+)))
You have tentacles for arms and can constrict up to eight enemies at once.


Message History

An adder comes into view.
An adder is nearby!
An adder is nearby!
The helpless adder fails to defend itself.
You tentacle-slap the adder. Your grab misses the adder.
The adder is moderately wounded.
The adder bites you.
You are poisoned.
The adder poisons you!
You miss the adder. Your grab misses the adder.
The adder is moderately wounded.
You feel sick. The adder bites you.
You are more poisoned.
The adder poisons you! The adder bites you.
An adder is nearby!
You miss the adder. Your grab misses the adder. Your squeeze misses the adder.
The adder is moderately wounded.
You feel sick. The adder bites you.
You tentacle-slap the adder but do no damage.
Your grab misses the adder.
The adder is moderately wounded.
You feel sick. The adder closely misses you.
You tentacle-slap the adder. Your grab misses the adder.
The adder is severely wounded.
You feel sick. The adder closely misses you. The adder bites you.
* * * LOW HITPOINT WARNING * * *
You are lethally poisoned!
The adder poisons you!
You tentacle-slap the adder. Your grab misses the adder. You squeeze the adder.
You kill the adder!
* * * LOW HITPOINT WARNING * * *
You feel sick.
Your Shapeshifting skill increases to level 2!
Unknown command.
It was a potion of brilliance.
You feel clever all of a sudden.
* * * LOW HITPOINT WARNING * * *
You feel very sick.
It was a potion of haste.
You feel yourself speed up.
You die...

###........#
#...#..###
##.#...#..#
#..#.#.#..##
#[##.#>#.<.#
####.##.#.##..#
#....##.#.....#
#.#####.#####.###
#.h.....# #.....#
#########
#####.### #.#<.
#.### #.##. #.##.
#.... #####


There were no monsters in sight!

Vanquished Creatures
  2 adders (D:2)
  A ball python (D:1)
  An endoplasm (D:1)
  3 giant cockroaches (D:1)
  A goblin (D:1)
  2 hobgoblins (D:1)
  3 bats
  A kobold (D:1)
  3 rats (D:1)
17 creatures vanquished.

Notes
Turn   | Place    | Note
-------+----------+-------------------------------------------
     0 | D:1      | H0rd4k the Octopode Artificer began the quest for the Orb.
     0 | D:1      | Reached XP level 1. HP: 13/13 MP: 1/1
   212 | D:1      | Reached skill level 1 in Shapeshifting
   306 | D:1      | Reached XP level 2. HP: 11/18 MP: 2/2
   758 | D:2      | Reached skill level 1 in Unarmed Combat
   758 | D:2      | Reached XP level 3. HP: 23/23 MP: 3/3
   779 | D:2      | HP: 1/23 [poisoned by an adder]
   780 | D:2      | Succumbed to an adder's poison

Illustrated notes

Levels and vault maps discovered:
D:1:      heliophobic_arrival_battle_scene, layout_loops_ring
D:2:      layout_basic, grunt_decor_clamped

Skill      XL: |  1  2  3 |
---------------+----------+-----
Shapeshifting  | 1 2 |  2.0
Unarmed Combat | 1 |  1.4
Fighting       | |  1.1
Dodging        | |  2.3
Stealth        | |  1.3
Evocations     | |  3.2

Action                     || total
---------------------------++-------
  Melee: Unarmed           ||    38
         Tentacles         ||    12
         Constrict         ||    10
    Use: Potion            ||     2
   Stab: Sleeping          ||     8
 Armour: Skin              ||    14
  Dodge: Dodged            ||    20
   Form: Beast             ||     1
